Admirals vs Rockets

Created - March 22, 2025 at 09:56

Goals
1 2 3 T
Admirals 1 3 0 4
Rockets 1 2 2 5
Shots
1 2 3 T
Admirals 18 15 3 36
Rockets 14 9 11 34

1st period

1. Admirals , Ryan Olsen 5 (Kasper Bjorkqvist 16, Mathieu Joseph 40) at 3:45
2. Rockets , Jake Evans 27 (Nils Hoglander 8, Simon Benoit 11) at 17:36

Penalties :
No Penalty

2nd period

3. Admirals , Lucas Wallmark 29 (Hunter Shinkaruk 32, Reilly Walsh 25) at 6:39
4. Admirals , Reilly Walsh 5 (Ian Mitchell 30, Riley Barber 15) at 7:57
5. Rockets , Alex Newhook 11 (Jacob Bryson 14, Barrett Hayton 7) at 10:18
6. Rockets , Tage Thompson 9 (Jeff Corbett 18, Alexandre Carrier 30) at 15:47
7. Admirals , Mathieu Joseph 35 (Lucas Wallmark 35, Tobias Bjornfot 16) at 19:54

Penalties :
Antti Suomela (Mil) for Cross-checking (Minor) at 0:42, Josh Anderson (Lav) for Roughing (Minor) at 11:18

3rd period

8. Rockets , Tage Thompson 10 (Jake Evans 37, Simon Benoit 12) at 11:02
9. Rockets , Josh Anderson 3 (Brady Tkachuk 27, Tage Thompson 13) at 16:33

Penalties :
Kristians Rubins (Lav) for Roughing (Minor) at 1:04, Pavol Regenda (Mil) for Diving (Minor) at 12:59

Goalie Stats

Felix Sanstrom (Mil), 29 saves from 34 shots - (0.853), L, 26-16-4, 59:52 minutes
Marcus Hogberg (Lav), 32 saves from 36 shots - (0.889), W, 21-10-2, 60:00 minutes

Players Stats for Admirals

Player Name              G  A  P  +/- PIM S  H  SB GA TA FO     MP     PP MP  PK MP  
------------------------------------------------------------------------------------
Antti Suomela            0  0  0   0  2   3  1  0  0  1  8/16   15:08   1:51   0:12 
Christian Djoos          0  0  0  -3  0   0  0  0  0  0  0/0     5:44   0:17   0:00 
Hunter Shinkaruk         0  1  1  -2  0   4  0  2  0  2  0/0    21:40   1:50   1:02 
Ian Mitchell             0  1  1   2  0   2  1  0  0  0  0/0    24:48   2:03   2:12 
Josh Wesley              0  0  0  -3  0   0  0  0  0  0  0/0     5:20   0:00   0:00 
Kasper Bjorkqvist        0  1  1   1  0   4  1  0  1  0  0/1    12:27   0:17   0:00 
Lucas Wallmark           1  1  2  -2  0   5  3  3  0  0  18/27  22:31   1:50   1:55 
Mark McNeill             0  0  0   0  0   2  1  0  0  0  0/0    15:50   1:51   0:55 
Mathieu Joseph           1  1  2  -2  0   3  3  2  0  0  2/2    22:30   1:50   1:54 
Milos Kelemen            0  0  0   1  0   1  1  0  0  0  0/0    12:03   0:00   0:00 
Nolan Vesey              0  0  0   0  0   1  2  0  0  0  0/0     8:02   0:00   0:00 
Olli Juolevi             0  0  0   1  0   4  0  0  0  1  0/0    19:09   1:55   1:46 
Pavol Regenda            0  0  0   0  2   0  2  0  0  2  2/2    14:54   1:51   0:00 
Reilly Walsh             1  1  2   2  0   1  1  0  0  0  0/0    24:23   2:03   2:12 
Riley Barber             0  1  1   0  0   3  0  0  0  1  0/0     9:21   0:17   0:55 
Ruslan Iskhakov          0  0  0   0  0   0  0  0  0  0  0/2     8:02   0:00   0:00 
Ryan Olsen               1  0  1   1  0   2  2  0  0  0  1/5    13:08   0:00   1:03 
Sean Durzi               0  0  0  -1  0   0  0  0  0  0  0/0    11:08   0:00   0:00 
Sergei Zborovskiy        0  0  0  -1  0   1  0  1  0  0  0/0    11:08   0:00   0:00 
Tobias Bjornfot          0  1  1   1  0   0  0  2  2  0  0/0    18:44   1:55   1:46 

Players Stats for Rockets

Player Name              G  A  P  +/- PIM S  H  SB GA TA FO     MP     PP MP  PK MP  
------------------------------------------------------------------------------------
Alex Newhook             1  0  1   0  0   4  0  0  0  0  0/0    10:32   0:00   1:14 
Alexandre Carrier        0  1  1  -2  0   1  2  0  1  0  0/0    23:47   2:02   2:17 
Andrei Svechnikov        0  0  0   0  0   1  2  0  0  0  0/1    14:41   1:55   0:24 
Arber Xhekaj             0  0  0   0  0   0  1  0  0  0  0/0    10:36   0:00   0:00 
Barrett Hayton           0  1  1   0  0   6  0  0  0  0  2/3     9:54   0:00   0:36 
Brady Tkachuk            0  1  1  -2  0   2  5  1  4  0  1/3    21:24   2:03   1:02 
Cole Caufield            0  0  0   0  0   0  2  0  0  0  0/0     9:11   0:00   0:00 
Jackson LaCombe          0  0  0   1  0   0  0  0  0  0  0/0     6:27   0:00   0:00 
Jacob Bryson             0  1  1   2  0   2  0  1  0  0  0/0    19:10   1:56   1:41 
Jacob De La Rose         0  0  0  -2  0   1  3  0  0  0  13/32  22:02   2:03   1:36 
Jake Evans               1  1  2   3  0   4  0  1  0  1  2/2    12:01   0:00   0:00 
Jayden Struble           0  0  0   1  0   0  1  1  0  0  0/0     6:27   0:00   0:00 
Jeff Corbett             0  1  1  -2  0   2  1  0  0  1  0/0    23:47   2:02   2:17 
Josh Anderson            1  0  1  -2  2   4  3  0  1  1  1/2    21:33   2:03   1:01 
Kristians Rubins         0  0  0   0  2   0  0  1  0  0  0/0    10:39   0:00   0:00 
Michael McLeod           0  0  0   0  0   2  2  1  0  0  5/12   14:53   1:55   0:36 
Nils Hoglander           0  1  1   3  0   0  0  1  1  0  0/0    13:28   0:00   1:27 
Robert Thomas            0  0  0   0  0   1  1  0  0  0  0/0    14:17   1:55   0:00 
Simon Benoit             0  2  2   2  0   1  0  1  0  0  0/0    19:10   1:56   1:41 
Tage Thompson            2  1  3   3  0   3  4  0  0  0  0/0    12:01   0:00   0:00 

3 Stars

1 - Tage Thompson (Lav)
2 - Jake Evans (Lav)
3 - Reilly Walsh (Mil)

Power Play

Admirals - 0 on 2 Attempt(s) - 0.00%
Rockets - 0 on 2 Attempt(s) - 0.00%

Penalty Kill

Admirals - 2 on 2 Attempt(s) - 100.00% - Score 0 goal in Penalty Kill
Rockets - 2 on 2 Attempt(s) - 100.00% - Score 0 goal in Penalty Kill

Team Stat

Admirals - Hits : 18 - Faceoff Wins : 31 - Blocked Shots : 10 - Penalty Minutes : 4
Rockets - Hits : 27 - Faceoff Wins : 24 - Blocked Shots : 8 - Penalty Minutes : 4

Official

Referees : Kyle Rehman and Chris Rooney
Linesman : Mark Shewchyk and Travis Gawryletz

Game Notes

No Game Note

Finance

Level 1 -- Attendance: 1746 (87.30%) -- Ticket Income $122,220
Level 2 -- Attendance: 999 (99.90%) -- Ticket Income $39,960
Total Attendance: 2745 (91.50%)
Total Ticket Income: $162,180
Other Income: $8,109
Total Income: $170,289

Admirals

5 vs 5 Forward 
   Center                   Left Wing                Right Wing               Time % Phy DF OF 
 1 Lucas Wallmark           Hunter Shinkaruk         Mathieu Joseph           40     1   2  2  
 2 Antti Suomela            Pavol Regenda            Mark McNeill             30     1   2  2  
 3 Ryan Olsen               Milos Kelemen            Kasper Bjorkqvist        20     1   2  2  
 4 Ruslan Iskhakov          Nolan Vesey              Riley Barber             10     1   2  2  

5 vs 5 Defense 
   Defense                  Defense                                           Time % Phy DF OF 
 1 Reilly Walsh             Ian Mitchell                                      40     1   2  2  
 2 Olli Juolevi             Tobias Bjornfot                                   30     1   2  2  
 3 Sergei Zborovskiy        Sean Durzi                                        20     1   2  2  
 4 Christian Djoos          Josh Wesley                                       10     1   2  2  

PowerPlay Forward 
   Center                   Left Wing                Right Wing               Time % Phy DF OF 
 1 Lucas Wallmark           Hunter Shinkaruk         Mathieu Joseph           60     1   1  3  
 2 Antti Suomela            Pavol Regenda            Mark McNeill             40     1   1  3  

PowerPlay Defense
   Defense                  Defense                                           Time % Phy DF OF 
 1 Reilly Walsh             Ian Mitchell                                      60     1   2  2  
 2 Olli Juolevi             Tobias Bjornfot                                   40     1   2  2  

Penalty Kill 4 Players Forward 
   Center                   Wing                     Time % Phy DF OF 
 1 Lucas Wallmark           Mathieu Joseph           60     1   2  2  
 2 Mark McNeill             Riley Barber             40     1   2  2  

Penalty Kill 4 Players Defense
   Defense                  Defense                  Time % Phy DF OF 
 1 Reilly Walsh             Ian Mitchell             60     1   3  1  
 2 Olli Juolevi             Tobias Bjornfot          40     1   3  1  

Penalty Kill - 3 Players Forward 
   Forward                                           Time % Phy DF OF 
 1 Mathieu Joseph                                    60     1   3  1  
 2 Mark McNeill                                      40     1   3  1  

Penalty Kill - 3 Players Defense
   Defense                  Defense                  Time % Phy DF OF 
 1 Reilly Walsh             Ian Mitchell             60     1   3  1  
 2 Christian Djoos          Olli Juolevi             40     1   3  1  

4 vs 4 Forward 
   Center                   Wing                     Time % Phy DF OF 
 1 Lucas Wallmark           Mathieu Joseph           60     1   2  2  
 2 Mark McNeill             Hunter Shinkaruk         40     1   2  2  

4 vs 4 Defense
   Defense                  Defense                  Time % Phy DF OF 
 1 Reilly Walsh             Ian Mitchell             60     1   2  2  
 2 Olli Juolevi             Tobias Bjornfot          40     1   2  2  

Last Minutes Offensive
   Center                   Left Wing                Right Wing               Defense                  Defense                  
   Lucas Wallmark           Hunter Shinkaruk         Mathieu Joseph           Olli Juolevi             Ian Mitchell             

Last Minutes Defensive
   Center                   Left Wing                Right Wing               Defense                  Defense                  
   Lucas Wallmark           Hunter Shinkaruk         Mathieu Joseph           Reilly Walsh             Olli Juolevi             

Goaltenders
Starting : Felix Sanstrom           
Backup : Tristan Jarry            

Extra Forwards
Normal : Kasper Bjorkqvist, Riley Barber, Ryan Olsen - PP : Kasper Bjorkqvist, Riley Barber - PK : Ryan Olsen
Extra Defensemen
Normal : Josh Wesley, Christian Djoos, Tobias Bjornfot - PP : Sean Durzi - PK : Christian Djoos, Josh Wesley
Penalty Shots
Mathieu Joseph, Mark McNeill, Hunter Shinkaruk, Lucas Wallmark, Kasper Bjorkqvist
Custom OT Lines Forwards
Mathieu Joseph, Mark McNeill, Hunter Shinkaruk, Lucas Wallmark, Pavol Regenda, Antti Suomela, Riley Barber, Kasper Bjorkqvist, Nolan Vesey, Milos Kelemen
Custom OT Lines Defensemen
Olli Juolevi, Reilly Walsh, Ian Mitchell, Tobias Bjornfot, Josh Wesley

Scratches
Josh Norris (Sprained Left Finger Injury), Bokondji Imama (Healthy), Carl Dahlstrom (Healthy), Joni Ikonen (Healthy), Filip Chlapik (Healthy)
Grant Hutton (Healthy), Troy Bourke (Healthy), Carsen Twarynski (Healthy), Drew O'Connor (Healthy), Libor Hajek (Healthy)
Gerald Mayhew (Healthy), Mark Kastelic (Healthy), Henry Thrun (Healthy), Patrick Moynihan (Healthy), Jack Malone (Healthy)
Sean Maguire (Healthy)

Rockets

5 vs 5 Forward 
   Center                   Left Wing                Right Wing               Time % Phy DF OF 
 1 Jacob De La Rose         Brady Tkachuk            Josh Anderson            40     1   2  2  
 2 Michael McLeod           Andrei Svechnikov        Robert Thomas            30     1   2  2  
 3 Jake Evans               Nils Hoglander           Tage Thompson            20     1   2  2  
 4 Barrett Hayton           Alex Newhook             Cole Caufield            10     1   2  2  

5 vs 5 Defense 
   Defense                  Defense                                           Time % Phy DF OF 
 1 Alexandre Carrier        Jeff Corbett                                      40     1   2  2  
 2 Jacob Bryson             Simon Benoit                                      30     1   2  2  
 3 Kristians Rubins         Arber Xhekaj                                      20     1   2  2  
 4 Jayden Struble           Jackson LaCombe                                   10     1   2  2  

PowerPlay Forward 
   Center                   Left Wing                Right Wing               Time % Phy DF OF 
 1 Jacob De La Rose         Brady Tkachuk            Josh Anderson            60     1   2  2  
 2 Michael McLeod           Andrei Svechnikov        Robert Thomas            40     1   2  2  

PowerPlay Defense
   Defense                  Defense                                           Time % Phy DF OF 
 1 Alexandre Carrier        Jeff Corbett                                      60     1   2  2  
 2 Jacob Bryson             Simon Benoit                                      40     1   2  2  

Penalty Kill 4 Players Forward 
   Center                   Wing                     Time % Phy DF OF 
 1 Jacob De La Rose         Josh Anderson            60     1   2  2  
 2 Michael McLeod           Brady Tkachuk            40     1   2  2  

Penalty Kill 4 Players Defense
   Defense                  Defense                  Time % Phy DF OF 
 1 Alexandre Carrier        Jeff Corbett             60     1   2  2  
 2 Jacob Bryson             Simon Benoit             40     1   2  2  

Penalty Kill - 3 Players Forward 
   Forward                                           Time % Phy DF OF 
 1 Jacob De La Rose                                  60     1   2  2  
 2 Josh Anderson                                     40     1   2  2  

Penalty Kill - 3 Players Defense
   Defense                  Defense                  Time % Phy DF OF 
 1 Alexandre Carrier        Jeff Corbett             60     1   2  2  
 2 Jacob Bryson             Simon Benoit             40     1   2  2  

4 vs 4 Forward 
   Center                   Wing                     Time % Phy DF OF 
 1 Jacob De La Rose         Josh Anderson            60     1   2  2  
 2 Michael McLeod           Brady Tkachuk            40     1   2  2  

4 vs 4 Defense
   Defense                  Defense                  Time % Phy DF OF 
 1 Alexandre Carrier        Jeff Corbett             60     1   2  2  
 2 Jacob Bryson             Simon Benoit             40     1   2  2  

Last Minutes Offensive
   Center                   Left Wing                Right Wing               Defense                  Defense                  
   Jacob De La Rose         Brady Tkachuk            Josh Anderson            Alexandre Carrier        Jeff Corbett             

Last Minutes Defensive
   Center                   Left Wing                Right Wing               Defense                  Defense                  
   Jacob De La Rose         Brady Tkachuk            Josh Anderson            Alexandre Carrier        Jeff Corbett             

Goaltenders
Starting : Marcus Hogberg           
Backup : Pyotr Kochetkov          

Extra Forwards
Normal : Jake Evans, Tage Thompson, Nils Hoglander - PP : Jake Evans, Tage Thompson - PK : Nils Hoglander
Extra Defensemen
Normal : Kristians Rubins, Arber Xhekaj, Jayden Struble - PP : Kristians Rubins - PK : Arber Xhekaj, Jayden Struble
Penalty Shots
Jacob De La Rose, Josh Anderson, Michael McLeod, Brady Tkachuk, Robert Thomas
Custom OT Lines Forwards
Jacob De La Rose, Josh Anderson, Michael McLeod, Brady Tkachuk, Robert Thomas, Jake Evans, Andrei Svechnikov, Tage Thompson, Nils Hoglander, Barrett Hayton
Custom OT Lines Defensemen
Alexandre Carrier, Jeff Corbett, Jacob Bryson, Simon Benoit, Kristians Rubins

Scratches
Connor Clifton (Healthy), Grant Besse (Healthy), Hunter Drew (Healthy), Zach Stepan (Torn Right Knee Ligaments Injury), Michael Pezzetta (Healthy)
Joel Teasdale (Healthy), Zachary Gallant (Healthy), Joey Daccord (Healthy)

% Time on Ice - Admirals

Lines # - Real PCT - Wanted PCT - Time Play
Normal Forward
1 - 35% - 40% - 17:49
2 - 26% - 30% - 13:04
3 - 24% - 20% - 12:03
4 - 16% - 10% - 8:02
Normal Defense
1 - 40% - 40% - 20:08
2 - 30% - 30% - 15:03
3 - 21% - 20% - 10:27
4 - 10% - 10% - 5:20
PP Forward
1 - 53% - 60% - 2:07
2 - 47% - 40% - 1:51
PP Defense
1 - 52% - 60% - 2:03
2 - 48% - 40% - 1:55
PK Forward
1 - 77% - 60% - 3:03
2 - 23% - 40% - 0:55
PK Defense
1 - 55% - 60% - 2:12
2 - 45% - 40% - 1:46
PK3 Forward
1 - 0% - 60%
2 - 0% - 40%
PK3 Defense
1 - 0% - 60%
2 - 0% - 40%
44 Forward
1 - 0% - 60%
2 - 0% - 40%
44 Defense
1 - 0% - 60%
2 - 0% - 40%
Last Minute Offensive  - 1:06
Last Minute Defensive  - 0:00
Total
Forward - 60:00
Defense - 60:00

% Time on Ice - Rockets

Lines # - Real PCT - Wanted PCT - Time Play
Normal Forward
1 - 34% - 40% - 17:23
2 - 24% - 30% - 12:22
3 - 24% - 20% - 12:01
4 - 18% - 10% - 9:11
Normal Defense
1 - 37% - 40% - 18:36
2 - 31% - 30% - 15:33
3 - 20% - 20% - 10:21
4 - 13% - 10% - 6:27
PP Forward
1 - 52% - 60% - 2:03
2 - 48% - 40% - 1:55
PP Defense
1 - 51% - 60% - 2:02
2 - 49% - 40% - 1:56
PK Forward
1 - 85% - 60% - 3:22
2 - 15% - 40% - 0:36
PK Defense
1 - 58% - 60% - 2:17
2 - 42% - 40% - 1:41
PK3 Forward
1 - 0% - 60%
2 - 0% - 40%
PK3 Defense
1 - 0% - 60%
2 - 0% - 40%
44 Forward
1 - 0% - 60%
2 - 0% - 40%
44 Defense
1 - 0% - 60%
2 - 0% - 40%
Last Minute Offensive  - 0:00
Last Minute Defensive  - 1:07
Total
Forward - 60:00
Defense - 60:00

Play-by-Play

1st period


0:01 of 1st period - Josh Anderson wins face-off versus Lucas Wallmark in neutral zone.
0:20 of 1st period - Josh Anderson is hit by Lucas Wallmark and loses puck.
0:37 of 1st period - Snap shot by Andrei Svechnikov.
0:37 of 1st period - Shot Misses the Net.
1:38 of 1st period - Snap shot by Jacob De La Rose.
1:38 of 1st period - Stopped by Felix Sanstrom without a rebound.
1:39 of 1st period - Lucas Wallmark wins face-off versus Michael McLeod in Admirals zone.
1:52 of 1st period - Snap shot by Hunter Shinkaruk.
1:52 of 1st period - Shot Misses the Net.
1:54 of 1st period - Snap shot by Mathieu Joseph.
1:54 of 1st period - Shot Blocked by Jayden Struble.
1:56 of 1st period - Snap shot by Sergei Zborovskiy.
1:56 of 1st period - Deflect By Hunter Shinkaruk.
1:56 of 1st period - Stopped by Marcus Hogberg with a rebound.
1:58 of 1st period - Snap shot by Mathieu Joseph.
1:58 of 1st period - Stopped by Marcus Hogberg without a rebound.
1:59 of 1st period - Pavol Regenda wins face-off versus Jacob De La Rose in Rockets zone.
2:04 of 1st period - Snap shot by Mark McNeill.
2:04 of 1st period - Stopped by Marcus Hogberg with a rebound.
2:46 of 1st period - Off-side.
2:47 of 1st period - Michael McLeod wins face-off versus Lucas Wallmark in neutral zone.
2:52 of 1st period - Slapshot by Andrei Svechnikov.
2:52 of 1st period - Shot Blocked by Hunter Shinkaruk.
2:54 of 1st period - Snap shot by Robert Thomas.
2:54 of 1st period - Stopped by Felix Sanstrom without a rebound.
2:55 of 1st period - Antti Suomela wins face-off versus Brady Tkachuk in Admirals zone.
2:55 of 1st period - Antti Suomela is hit by Brady Tkachuk.
3:23 of 1st period - Snap shot by Michael McLeod.
3:23 of 1st period - Stopped by Felix Sanstrom with a rebound.
3:25 of 1st period - Slapshot by Jacob Bryson.
3:25 of 1st period - Stopped by Felix Sanstrom with a rebound.
3:27 of 1st period - Wrist shot by Robert Thomas.
3:27 of 1st period - Shot Misses the Net.
3:33 of 1st period - Wrist shot by Michael McLeod.
3:33 of 1st period - Shot Blocked by Lucas Wallmark.
3:45 of 1st period - Snap shot by Ryan Olsen.
3:45 of 1st period - Goal by Ryan Olsen - Admirals : 1 - Rockets : 0.
3:46 of 1st period - Brady Tkachuk wins face-off versus Antti Suomela in neutral zone.
4:37 of 1st period - Snap shot by Kasper Bjorkqvist.
4:37 of 1st period - Deflect By Milos Kelemen.
4:37 of 1st period - Stopped by Marcus Hogberg without a rebound.
4:38 of 1st period - Michael McLeod wins face-off versus Ryan Olsen in Rockets zone.
5:11 of 1st period - Icing by Michael McLeod.
5:12 of 1st period - Lucas Wallmark wins face-off versus Michael McLeod in Rockets zone.
5:19 of 1st period - Slapshot by Mathieu Joseph.
5:19 of 1st period - Shot Blocked by Michael McLeod.
6:07 of 1st period - Brady Tkachuk is hit by Nolan Vesey and loses puck.
6:28 of 1st period - Wrist shot by Nils Hoglander.
6:28 of 1st period - Shot Misses the Net.
6:50 of 1st period - Slapshot by Jeff Corbett.
6:50 of 1st period - Stopped by Felix Sanstrom with a rebound.
7:20 of 1st period - Backhand shot by Riley Barber.
7:20 of 1st period - Stopped by Marcus Hogberg with a rebound.
7:22 of 1st period - Slapshot by Ian Mitchell.
7:22 of 1st period - Stopped by Marcus Hogberg with a rebound.
7:24 of 1st period - Wrist shot by Reilly Walsh.
7:24 of 1st period - Shot Blocked by Jake Evans.
7:26 of 1st period - Slapshot by Nolan Vesey.
7:26 of 1st period - Stopped by Marcus Hogberg without a rebound.
7:27 of 1st period - Jacob De La Rose wins face-off versus Lucas Wallmark in Rockets zone.
7:52 of 1st period - Antti Suomela is hit by Cole Caufield and loses puck.
7:57 of 1st period - Slapshot by Barrett Hayton.
7:57 of 1st period - Shot Misses the Net.
7:59 of 1st period - Wrist shot by Barrett Hayton.
7:59 of 1st period - Stopped by Felix Sanstrom without a rebound.
8:00 of 1st period - Jacob De La Rose wins face-off versus Lucas Wallmark in Admirals zone.
8:52 of 1st period - Snap shot by Andrei Svechnikov.
8:52 of 1st period - Shot Blocked by Tobias Bjornfot.
9:52 of 1st period - Mathieu Joseph is hit by Jayden Struble and loses puck.
10:01 of 1st period - Tage Thompson is hit by Mathieu Joseph and loses puck.
10:22 of 1st period - Snap shot by Andrei Svechnikov.
10:22 of 1st period - Stopped by Felix Sanstrom with a rebound.
11:02 of 1st period - Snap shot by Barrett Hayton.
11:02 of 1st period - Stopped by Felix Sanstrom without a rebound.
11:03 of 1st period - Jacob De La Rose wins face-off versus Ryan Olsen in Admirals zone.
11:08 of 1st period - Snap shot by Jacob De La Rose.
11:08 of 1st period - Shot Misses the Net.
11:10 of 1st period - Slapshot by Jeff Corbett.
11:10 of 1st period - Deflect By Brady Tkachuk.
11:10 of 1st period - Shot Misses the Net.
11:10 of 1st period - Puck is out of play.
11:11 of 1st period - Lucas Wallmark wins face-off versus Jacob De La Rose in Admirals zone.
11:46 of 1st period - Snap shot by Jacob De La Rose.
11:46 of 1st period - Shot Misses the Net.
11:48 of 1st period - Snap shot by Jacob De La Rose.
11:48 of 1st period - Deflect By Brady Tkachuk.
11:48 of 1st period - Stopped by Felix Sanstrom without a rebound.
11:49 of 1st period - Mathieu Joseph wins face-off versus Michael McLeod in Admirals zone.
12:05 of 1st period - Snap shot by Mathieu Joseph.
12:05 of 1st period - Shot Blocked by Jacob Bryson.
13:21 of 1st period - Snap shot by Kasper Bjorkqvist.
13:21 of 1st period - Stopped by Marcus Hogberg without a rebound.
13:22 of 1st period - Lucas Wallmark wins face-off versus Michael McLeod in Rockets zone.
13:23 of 1st period - Wrist shot by Hunter Shinkaruk.
13:23 of 1st period - Stopped by Marcus Hogberg with a rebound.
13:25 of 1st period - Snap shot by Hunter Shinkaruk.
13:25 of 1st period - Stopped by Marcus Hogberg without a rebound.
13:26 of 1st period - Lucas Wallmark wins face-off versus Michael McLeod in Rockets zone.
13:27 of 1st period - Slapshot by Mathieu Joseph.
13:27 of 1st period - Stopped by Marcus Hogberg with a rebound.
14:52 of 1st period - Icing by Michael McLeod.
14:53 of 1st period - Michael McLeod wins face-off versus Lucas Wallmark in Rockets zone.
15:08 of 1st period - Snap shot by Robert Thomas.
15:08 of 1st period - Shot Misses the Net.
15:18 of 1st period - Snap shot by Mathieu Joseph.
15:18 of 1st period - Shot Misses the Net.
15:20 of 1st period - Wrist shot by Hunter Shinkaruk.
15:20 of 1st period - Stopped by Marcus Hogberg with a rebound.
15:22 of 1st period - Wrist shot by Lucas Wallmark.
15:22 of 1st period - Stopped by Marcus Hogberg with a rebound.
15:24 of 1st period - Slapshot by Tobias Bjornfot.
15:24 of 1st period - Shot Misses the Net.
15:26 of 1st period - Wrist shot by Lucas Wallmark.
15:26 of 1st period - Deflect By Hunter Shinkaruk.
15:26 of 1st period - Shot Blocked by Kristians Rubins.
15:26 of 1st period - Puck is out of play.
15:27 of 1st period - Jacob De La Rose wins face-off versus Antti Suomela in Rockets zone.
15:40 of 1st period - Wrist shot by Brady Tkachuk.
15:40 of 1st period - Stopped by Felix Sanstrom with a rebound.
16:13 of 1st period - Snap shot by Lucas Wallmark.
16:13 of 1st period - Stopped by Marcus Hogberg with a rebound.
16:25 of 1st period - Snap shot by Nils Hoglander.
16:25 of 1st period - Shot Misses the Net.
16:27 of 1st period - Snap shot by Tage Thompson.
16:27 of 1st period - Deflect By Jake Evans.
16:27 of 1st period - Stopped by Felix Sanstrom with a rebound.
16:29 of 1st period - Wrist shot by Tage Thompson.
16:29 of 1st period - Stopped by Felix Sanstrom with a rebound.
16:31 of 1st period - Wrist shot by Jake Evans.
16:31 of 1st period - Shot Blocked by Lucas Wallmark.
16:33 of 1st period - Snap shot by Simon Benoit.
16:33 of 1st period - Stopped by Felix Sanstrom with a rebound.
17:22 of 1st period - Snap shot by Jake Evans.
17:22 of 1st period - Shot Misses the Net.
17:34 of 1st period - Slapshot by Nils Hoglander.
17:34 of 1st period - Shot Blocked by Mathieu Joseph.
17:36 of 1st period - Snap shot by Jake Evans.
17:36 of 1st period - Goal by Jake Evans - Admirals : 1 - Rockets : 1.
17:37 of 1st period - Jacob De La Rose wins face-off versus Antti Suomela in neutral zone.
17:47 of 1st period - Icing by Pavol Regenda.
17:48 of 1st period - Antti Suomela wins face-off versus Jacob De La Rose in Admirals zone.
17:48 of 1st period - Antti Suomela is hit by Jacob De La Rose.
17:58 of 1st period - Snap shot by Mark McNeill.
17:58 of 1st period - Shot Misses the Net.
18:34 of 1st period - Slapshot by Mark McNeill.
18:34 of 1st period - Shot Misses the Net.
18:36 of 1st period - Snap shot by Antti Suomela.
18:36 of 1st period - Stopped by Marcus Hogberg with a rebound.
18:38 of 1st period - Snap shot by Ian Mitchell.
18:38 of 1st period - Stopped by Marcus Hogberg with a rebound.
18:40 of 1st period - Slapshot by Antti Suomela.
18:40 of 1st period - Stopped by Marcus Hogberg without a rebound.
18:41 of 1st period - Ryan Olsen wins face-off versus Michael McLeod in Rockets zone.
19:15 of 1st period - Snap shot by Lucas Wallmark.
19:15 of 1st period - Shot Misses the Net.
19:27 of 1st period - Christian Djoos is hit by Arber Xhekaj.
Goals for this period are 1 for Admirals vs 1 for Rockets.
Shots for this period are 18 for Admirals vs 14 for Rockets.

2nd period


0:01 of 2nd period - Lucas Wallmark wins face-off versus Jacob De La Rose in neutral zone.
0:26 of 2nd period - Mathieu Joseph is hit by Jeff Corbett and loses puck.
0:35 of 2nd period - Wrist shot by Barrett Hayton.
0:35 of 2nd period - Stopped by Felix Sanstrom without a rebound.
0:36 of 2nd period - Jacob De La Rose wins face-off versus Antti Suomela in Admirals zone.
0:42 of 2nd period - Minor Penalty to Antti Suomela for Cross-checking.
0:43 of 2nd period - Lucas Wallmark wins face-off versus Jacob De La Rose in Admirals zone.
0:43 of 2nd period - Lucas Wallmark is hit by Brady Tkachuk.
1:09 of 2nd period - Mathieu Joseph is hit by Andrei Svechnikov and loses puck.
1:28 of 2nd period - Olli Juolevi is hit by Josh Anderson and loses puck.
2:42 of 2nd period - Penalty to Antti Suomela is over, Antti Suomela is back on ice.
3:19 of 2nd period - Wrist shot by Jake Evans.
3:19 of 2nd period - Stopped by Felix Sanstrom without a rebound.
3:20 of 2nd period - Barrett Hayton wins face-off versus Kasper Bjorkqvist in Admirals zone.
3:29 of 2nd period - Slapshot by Alex Newhook.
3:29 of 2nd period - Shot Misses the Net.
3:31 of 2nd period - Wrist shot by Barrett Hayton.
3:31 of 2nd period - Stopped by Felix Sanstrom without a rebound.
3:32 of 2nd period - Lucas Wallmark wins face-off versus Jacob De La Rose in Admirals zone.
3:32 of 2nd period - Lucas Wallmark is hit by Josh Anderson.
4:17 of 2nd period - Tage Thompson is hit by Milos Kelemen and loses puck.
4:28 of 2nd period - Wrist shot by Kasper Bjorkqvist.
4:28 of 2nd period - Stopped by Marcus Hogberg with a rebound.
4:30 of 2nd period - Slapshot by Ian Mitchell.
4:30 of 2nd period - Shot Hit the Post.
4:44 of 2nd period - Snap shot by Olli Juolevi.
4:44 of 2nd period - Stopped by Marcus Hogberg with a rebound.
5:06 of 2nd period - Wrist shot by Andrei Svechnikov.
5:06 of 2nd period - Deflect By Michael McLeod.
5:06 of 2nd period - Stopped by Felix Sanstrom with a rebound.
6:04 of 2nd period - Ryan Olsen is hit by Michael McLeod and loses puck.
6:17 of 2nd period - Slapshot by Kasper Bjorkqvist.
6:17 of 2nd period - Stopped by Marcus Hogberg with a rebound.
6:19 of 2nd period - Snap shot by Olli Juolevi.
6:19 of 2nd period - Stopped by Marcus Hogberg with a rebound.
6:21 of 2nd period - Slapshot by Olli Juolevi.
6:21 of 2nd period - Shot Misses the Net.
6:23 of 2nd period - Slapshot by Olli Juolevi.
6:23 of 2nd period - Stopped by Marcus Hogberg without a rebound.
6:24 of 2nd period - Jacob De La Rose wins face-off versus Lucas Wallmark in Rockets zone.
6:39 of 2nd period - Slapshot by Lucas Wallmark.
6:39 of 2nd period - Goal by Lucas Wallmark - Admirals : 2 - Rockets : 1.
6:40 of 2nd period - Lucas Wallmark wins face-off versus Jacob De La Rose in neutral zone.
7:05 of 2nd period - Mark McNeill is hit by Michael McLeod.
7:24 of 2nd period - Off-side.
7:25 of 2nd period - Jake Evans wins face-off versus Ruslan Iskhakov in neutral zone.
7:33 of 2nd period - Icing by Riley Barber.
7:34 of 2nd period - Jacob De La Rose wins face-off versus Ruslan Iskhakov in Admirals zone.
7:49 of 2nd period - Snap shot by Riley Barber.
7:49 of 2nd period - Stopped by Marcus Hogberg with a rebound.
7:51 of 2nd period - Snap shot by Riley Barber.
7:51 of 2nd period - Shot Blocked by Brady Tkachuk.
7:53 of 2nd period - Slapshot by Reilly Walsh.
7:53 of 2nd period - Shot Misses the Net.
7:55 of 2nd period - Slapshot by Ian Mitchell.
7:55 of 2nd period - Shot Blocked by Simon Benoit.
7:57 of 2nd period - Snap shot by Reilly Walsh.
7:57 of 2nd period - Goal by Reilly Walsh - Admirals : 3 - Rockets : 1.
7:58 of 2nd period - Lucas Wallmark wins face-off versus Brady Tkachuk in neutral zone.
8:01 of 2nd period - Jeff Corbett is hit by Lucas Wallmark and loses puck.
8:36 of 2nd period - Wrist shot by Kasper Bjorkqvist.
8:36 of 2nd period - Stopped by Marcus Hogberg without a rebound.
8:37 of 2nd period - Lucas Wallmark wins face-off versus Andrei Svechnikov in Rockets zone.
9:17 of 2nd period - Simon Benoit is hit by Mathieu Joseph and loses puck.
10:02 of 2nd period - Snap shot by Barrett Hayton.
10:02 of 2nd period - Deflect By Alex Newhook.
10:02 of 2nd period - Stopped by Felix Sanstrom with a rebound.
10:04 of 2nd period - Slapshot by Jacob Bryson.
10:04 of 2nd period - Shot Blocked by Lucas Wallmark.
10:06 of 2nd period - Slapshot by Barrett Hayton.
10:06 of 2nd period - Shot Blocked by Mathieu Joseph.
10:12 of 2nd period - Snap shot by Alex Newhook.
10:12 of 2nd period - Stopped by Felix Sanstrom with a rebound.
10:14 of 2nd period - Wrist shot by Alex Newhook.
10:14 of 2nd period - Shot Misses the Net.
10:16 of 2nd period - Snap shot by Alex Newhook.
10:16 of 2nd period - Shot Misses the Net.
10:18 of 2nd period - Slapshot by Alex Newhook.
10:18 of 2nd period - Goal by Alex Newhook - Admirals : 3 - Rockets : 2.
10:19 of 2nd period - Antti Suomela wins face-off versus Jacob De La Rose in neutral zone.
11:18 of 2nd period - Minor Penalty to Josh Anderson for Roughing.
11:19 of 2nd period - Antti Suomela wins face-off versus Jacob De La Rose in Rockets zone.
11:33 of 2nd period - Alex Newhook is hit by Mark McNeill and loses puck.
11:44 of 2nd period - Jacob Bryson is hit by Lucas Wallmark and loses puck.
12:37 of 2nd period - Brady Tkachuk is hit by Pavol Regenda and loses puck.
12:48 of 2nd period - Tobias Bjornfot is hit by Andrei Svechnikov and loses puck.
13:03 of 2nd period - Andrei Svechnikov is hit by Reilly Walsh and loses puck.
13:18 of 2nd period - Penalty to Josh Anderson is over, Josh Anderson is back on ice.
13:20 of 2nd period - Wrist shot by Kasper Bjorkqvist.
13:20 of 2nd period - Shot Misses the Net.
13:22 of 2nd period - Snap shot by Sergei Zborovskiy.
13:22 of 2nd period - Stopped by Marcus Hogberg with a rebound.
13:24 of 2nd period - Wrist shot by Riley Barber.
13:24 of 2nd period - Stopped by Marcus Hogberg without a rebound.
13:25 of 2nd period - Michael McLeod wins face-off versus Ryan Olsen in Rockets zone.
13:51 of 2nd period - Sergei Zborovskiy is hit by Brady Tkachuk and loses puck.
14:08 of 2nd period - Simon Benoit is hit by Pavol Regenda and loses puck.
14:17 of 2nd period - Mark McNeill is hit by Tage Thompson and loses puck.
14:48 of 2nd period - Josh Anderson is hit by Kasper Bjorkqvist.
14:56 of 2nd period - Icing by Ian Mitchell.
14:57 of 2nd period - Michael McLeod wins face-off versus Ryan Olsen in Admirals zone.
15:02 of 2nd period - Snap shot by Michael McLeod.
15:02 of 2nd period - Shot Misses the Net.
15:32 of 2nd period - Mark McNeill is hit by Brady Tkachuk and loses puck.
15:45 of 2nd period - Slapshot by Jeff Corbett.
15:45 of 2nd period - Shot Blocked by Tobias Bjornfot.
15:47 of 2nd period - Wrist shot by Tage Thompson.
15:47 of 2nd period - Goal by Tage Thompson - Admirals : 3 - Rockets : 3.
15:48 of 2nd period - Pavol Regenda wins face-off versus Jacob De La Rose in neutral zone.
15:55 of 2nd period - Snap shot by Antti Suomela.
15:55 of 2nd period - Stopped by Marcus Hogberg without a rebound.
15:56 of 2nd period - Antti Suomela wins face-off versus Josh Anderson in Rockets zone.
16:11 of 2nd period - Snap shot by Mark McNeill.
16:11 of 2nd period - Stopped by Marcus Hogberg with a rebound.
16:49 of 2nd period - Slapshot by Ryan Olsen.
16:49 of 2nd period - Shot Misses the Net.
17:27 of 2nd period - Brady Tkachuk is hit by Nolan Vesey and loses puck.
18:08 of 2nd period - Kasper Bjorkqvist is hit by Tage Thompson.
18:12 of 2nd period - Slapshot by Ryan Olsen.
18:12 of 2nd period - Shot Misses the Net.
18:14 of 2nd period - Snap shot by Ryan Olsen.
18:14 of 2nd period - Stopped by Marcus Hogberg without a rebound.
18:15 of 2nd period - Jacob De La Rose wins face-off versus Antti Suomela in Rockets zone.
18:32 of 2nd period - Mark McNeill is hit by Josh Anderson and loses puck.
18:53 of 2nd period - Slapshot by Michael McLeod.
18:53 of 2nd period - Shot Misses the Net.
19:13 of 2nd period - Wrist shot by Jake Evans.
19:13 of 2nd period - Stopped by Felix Sanstrom without a rebound.
19:14 of 2nd period - Lucas Wallmark wins face-off versus Jacob De La Rose in Admirals zone.
19:54 of 2nd period - Wrist shot by Mathieu Joseph.
19:54 of 2nd period - Goal by Mathieu Joseph - Admirals : 4 - Rockets : 3.
19:55 of 2nd period - Antti Suomela wins face-off versus Michael McLeod in neutral zone.
Goals for this period are 3 for Admirals vs 2 for Rockets.
Shots for this period are 15 for Admirals vs 9 for Rockets.

3rd period


0:01 of 3rd period - Antti Suomela wins face-off versus Jacob De La Rose in neutral zone.
0:26 of 3rd period - Michael McLeod is hit by Mathieu Joseph and loses puck.
1:04 of 3rd period - Minor Penalty to Kristians Rubins for Roughing.
1:05 of 3rd period - Lucas Wallmark wins face-off versus Jacob De La Rose in Rockets zone.
1:56 of 3rd period - Michael McLeod is hit by Antti Suomela.
3:04 of 3rd period - Penalty to Kristians Rubins is over, Kristians Rubins is back on ice.
3:44 of 3rd period - Riley Barber is hit by Cole Caufield and loses puck.
4:11 of 3rd period - Slapshot by Alex Newhook.
4:11 of 3rd period - Shot Misses the Net.
4:25 of 3rd period - Slapshot by Simon Benoit.
4:25 of 3rd period - Shot Misses the Net.
4:27 of 3rd period - Slapshot by Simon Benoit.
4:27 of 3rd period - Shot Misses the Net.
4:29 of 3rd period - Snap shot by Barrett Hayton.
4:29 of 3rd period - Shot Misses the Net.
4:31 of 3rd period - Snap shot by Barrett Hayton.
4:31 of 3rd period - Stopped by Felix Sanstrom without a rebound.
4:32 of 3rd period - Jacob De La Rose wins face-off versus Lucas Wallmark in Admirals zone.
4:57 of 3rd period - Hunter Shinkaruk is hit by Alexandre Carrier and loses puck.
5:06 of 3rd period - Wrist shot by Lucas Wallmark.
5:06 of 3rd period - Stopped by Marcus Hogberg without a rebound.
5:07 of 3rd period - Jacob De La Rose wins face-off versus Antti Suomela in Rockets zone.
5:55 of 3rd period - Jake Evans is hit by Ian Mitchell and loses puck.
7:04 of 3rd period - Icing by Cole Caufield.
7:05 of 3rd period - Lucas Wallmark wins face-off versus Barrett Hayton in Rockets zone.
7:16 of 3rd period - Snap shot by Lucas Wallmark.
7:16 of 3rd period - Stopped by Marcus Hogberg without a rebound.
7:17 of 3rd period - Antti Suomela wins face-off versus Jacob De La Rose in Rockets zone.
7:26 of 3rd period - Wrist shot by Josh Anderson.
7:26 of 3rd period - Stopped by Felix Sanstrom with a rebound.
8:16 of 3rd period - Slapshot by Olli Juolevi.
8:16 of 3rd period - Shot Blocked by Nils Hoglander.
8:30 of 3rd period - Sean Durzi is hit by Jacob De La Rose and loses puck.
8:49 of 3rd period - Slapshot by Jacob Bryson.
8:49 of 3rd period - Stopped by Felix Sanstrom without a rebound.
8:50 of 3rd period - Barrett Hayton wins face-off versus Antti Suomela in Admirals zone.
9:01 of 3rd period - Wrist shot by Barrett Hayton.
9:01 of 3rd period - Stopped by Felix Sanstrom with a rebound.
9:24 of 3rd period - Snap shot by Ryan Olsen.
9:24 of 3rd period - Shot Misses the Net.
9:36 of 3rd period - Snap shot by Alex Newhook.
9:36 of 3rd period - Stopped by Felix Sanstrom with a rebound.
9:38 of 3rd period - Slapshot by Alexandre Carrier.
9:38 of 3rd period - Deflect By Kasper Bjorkqvist.
9:38 of 3rd period - Stopped by Felix Sanstrom without a rebound.
9:39 of 3rd period - Jacob De La Rose wins face-off versus Lucas Wallmark in Admirals zone.
10:04 of 3rd period - Tobias Bjornfot is hit by Robert Thomas and loses puck.
10:29 of 3rd period - Simon Benoit is hit by Ryan Olsen and loses puck.
11:02 of 3rd period - Snap shot by Tage Thompson.
11:02 of 3rd period - Goal by Tage Thompson - Admirals : 4 - Rockets : 4.
11:03 of 3rd period - Jacob De La Rose wins face-off versus Lucas Wallmark in neutral zone.
11:06 of 3rd period - Slapshot by Jeff Corbett.
11:06 of 3rd period - Stopped by Felix Sanstrom without a rebound.
11:07 of 3rd period - Lucas Wallmark wins face-off versus Jacob De La Rose in Admirals zone.
11:07 of 3rd period - Mathieu Joseph is hit by Alexandre Carrier and loses puck.
12:25 of 3rd period - Off-side.
12:26 of 3rd period - Mathieu Joseph wins face-off versus Jacob De La Rose in neutral zone.
12:35 of 3rd period - Snap shot by Lucas Wallmark.
12:35 of 3rd period - Shot Misses the Net.
12:43 of 3rd period - Tobias Bjornfot is hit by Jacob De La Rose and loses puck.
12:53 of 3rd period - Off-side.
12:54 of 3rd period - Jake Evans wins face-off versus Antti Suomela in neutral zone.
12:59 of 3rd period - Minor Penalty to Pavol Regenda for Diving.
13:00 of 3rd period - Lucas Wallmark wins face-off versus Jacob De La Rose in Admirals zone.
14:59 of 3rd period - Penalty to Pavol Regenda is over, Pavol Regenda is back on ice.
15:10 of 3rd period - Snap shot by Tage Thompson.
15:10 of 3rd period - Shot Misses the Net.
16:06 of 3rd period - Christian Djoos is hit by Tage Thompson and loses puck.
16:31 of 3rd period - Wrist shot by Brady Tkachuk.
16:31 of 3rd period - Shot Misses the Net.
16:33 of 3rd period - Wrist shot by Josh Anderson.
16:33 of 3rd period - Goal by Josh Anderson - Admirals : 4 - Rockets : 5.
16:34 of 3rd period - Lucas Wallmark wins face-off versus Jacob De La Rose in neutral zone.
16:59 of 3rd period - Nils Hoglander is hit by Ryan Olsen and loses puck.
17:10 of 3rd period - Slapshot by Kasper Bjorkqvist.
17:10 of 3rd period - Shot Misses the Net.
17:12 of 3rd period - Slapshot by Olli Juolevi.
17:12 of 3rd period - Stopped by Marcus Hogberg with a rebound.
18:32 of 3rd period - Ian Mitchell is hit by Tage Thompson and loses puck.
18:49 of 3rd period - Snap shot by Josh Anderson.
18:49 of 3rd period - Stopped by Felix Sanstrom with a rebound.
19:30 of 3rd period - Snap shot by Josh Anderson.
19:30 of 3rd period - Shot Blocked by Hunter Shinkaruk.
19:32 of 3rd period - Slapshot by Brady Tkachuk.
19:32 of 3rd period - Shot Blocked by Sergei Zborovskiy.
19:34 of 3rd period - Slapshot by Josh Anderson.
19:34 of 3rd period - Stopped by Felix Sanstrom without a rebound.
19:35 of 3rd period - Wayne Gretzky call a timeout for Admirals.
19:35 of 3rd period - Lucas Wallmark wins face-off versus Jacob De La Rose in Admirals zone.
19:35 of 3rd period - Lucas Wallmark is hit by Brady Tkachuk.
19:52 of 3rd period - Admirals, Felix Sanstrom is pulled from the net.
19:54 of 3rd period - Snap shot by Hunter Shinkaruk.
19:54 of 3rd period - Shot Misses the Net.
19:58 of 3rd period - Wrist shot by Hunter Shinkaruk.
19:58 of 3rd period - Shot Misses the Net.
Goals for this period are 0 for Admirals vs 2 for Rockets.
Shots for this period are 3 for Admirals vs 11 for Rockets.